cohdb
Replays
Latest Replays
All Replays
Popular Replays
Top Player Replays
Match Explorer
How It Works
Community
CoH3 Stats
Reddit
Sign in to upload your games and track your stats! →
Sign in with Steam
Match 45718740
Unlisted
Match 45718740
Overview
Messages
Build Orders
End
Panzergrenadier Squad
250 Light Carrier
Panzergrenadier Squad
Panzergrenadier Squad
Construct Light Support Kompanie
Fire Support Elements
Flakvierling Half-track
Panzergrenadier Squad
Selects Battlefield Espionage Battlegroup
Selects Intel Disruption Beacon
Selects 250/3 Funkpanzerwagen
Selects Intel Disruption Beacon
Selects Intel Disruption Beacon
Pak 38 Mechanized Group
Combat Half-tracks
Selects 250/3 Funkpanzerwagen
Construct Panzerarmee Kommand
Panzergrenadier Squad
Vehicle Survival Package
Panzer III L Medium Tank
Panzer III L Medium Tank
Emergency Repair Kits
Selects Advanced Ambush Training
Selects Transfer Depots
Selects Advanced Ambush Training
Selects Plunder
Selects Firestorm
Firestorm
Panzer III L Medium Tank
Rapid Advance
Selects Operation Skorpion
REDFORCE
我晋升你为上士
Angrybirds
Bego
0
0
Comments
sign in to comment!
No comments posted yet!